 Dungeon Crawl Stone Soup version 0.28.0-43-g3370ac3207 (webtiles) character file.

Game seed: 14077525762784309574

105 Ablot the Grasshopper (level 4, 0/38 HPs)
             Began as a Gnoll Warper on Mar 12, 2022.
             Killed from afar by Natasha (1 damage)
             ... with a puff of flame
             ... on level 2 of the Dungeon.
             The game lasted 00:02:28 (2617 turns).

Ablot the Grasshopper (Gnoll Warper)                Turns: 2617, Time: 00:02:28

Health: 0/38       AC:  3    Str: 12    XL:     4   Next: 83%
Magic:  3/3        EV: 13    Int: 12    God:
Gold:   88         SH:  0    Dex: 12    Spells: 11/13 levels left

rFire   . . .      SeeInvis .   q - +0 whip (antimagic)
rCold   . . .      Faith    .   (no shield)
rNeg    . . .      Spirit   .   b - +0 leather armour
rPois   .          Reflect  .   (no helmet)
rElec   .          Harm     .   (no cloak)
rCorr   .          Rampage  .   (no gloves)
Will    .....                   (no boots)
Stlth   +.........              s - amulet of magic regeneration
HPRegen 0.12/turn               (no ring)
MPRegen 0.48/turn               (no ring)

@: no status effects
A: fangs 1, strong nose, distributed training
a: no special abilities


You were on level 2 of the Dungeon.
You visited 1 branch of the dungeon, and saw 2 of its levels.

You collected 88 gold pieces.

Inventory:

Hand Weapons
 a - a +0 spear
 q - a +0 antimagic whip (weapon)
Missiles
 d - 5 boomerangs of dispersal (quivered)
 f - 67 stones
 n - 42 sling bullets
 o - 22 bolts
Armour
 b - a +0 leather armour (worn)
Magical Staves
 r - a staff of poison
Jewellery
 s - an amulet of magic regeneration (around neck)
Scrolls
 c - a scroll of blinking
 e - a scroll of immolation {unknown}
 g - a scroll of holy word {unknown}
 h - 5 scrolls of teleportation {unknown}
 k - 2 scrolls of identify {unknown}
 m - 3 scrolls of noise {unknown}
 p - a scroll of enchant weapon {unknown}
Potions
 i - 3 potions of heal wounds
 j - a potion of brilliance {unknown}
 l - a potion of ambrosia {unknown}


   Skills:
 + Level 4.7 Fighting
 + Level 1.2 Short Blades
 + Level 1.2 Long Blades
 + Level 1.2 Axes
 + Level 1.2 Maces & Flails
 + Level 4.7 Polearms
 + Level 1.2 Staves
 + Level 1.2 Slings
 + Level 1.2 Bows
 + Level 1.2 Crossbows
 + Level 2.8 Throwing
 + Level 2.8 Armour
 + Level 4.7 Dodging
 + Level 1.2 Stealth
 + Level 1.2 Shields
 + Level 1.2 Unarmed Combat
 + Level 5.1 Spellcasting
 + Level 1.0 Conjurations
 + Level 1.0 Hexes
 + Level 1.0 Summonings
 + Level 1.0 Necromancy
 + Level 5.5 Translocations
 + Level 1.0 Transmutations
 + Level 1.0 Fire Magic
 + Level 1.0 Ice Magic
 + Level 1.0 Air Magic
 + Level 1.0 Earth Magic
 + Level 1.0 Poison Magic
 + Level 1.4 Invocations
 + Level 1.2 Evocations


You had 11 spell levels left.
You knew the following spells:

 Your Spells              Type           Power      Damage    Failure   Level
a - Blink                 Tloc           32%        N/A       4%          2

Your spell library contained the following spells:

 Spells                   Type           Power      Damage    Failure   Level
 Gell's Gravitas          Tloc           16%        N/A       8%          3
 Lesser Beckoning         Tloc           16%        N/A       8%          3
 Teleport Other           Tloc           16%        N/A       8%          3
 Sandblast                Erth           10%        2d5       16%         1
 Slow                     Hex            20%        N/A       16%         1
 Passwall                 Tmut/Erth      4%         N/A       24%         2
 Confusing Touch          Hex            5%         N/A       43%         3
 Stone Arrow              Conj/Erth      10%        3d7       43%         3
 Vampiric Draining        Necr           5%         2d6       43%         3
 Manifold Assault         Tloc           16%        N/A       58%         5


Dungeon Overview and Level Annotations

Branches:
Dungeon (2/15)

Altars:

Annotations:
D:2 Natasha


Innate Abilities, Weirdness & Mutations

You have very sharp teeth.
Your uncanny sense of smell can sniff out nearby items.
Your experience applies equally to all skills.


Message History

The magic dart hits you. What are your orders? t - Bark!
Orders for allies: a - Attack new target. r - Retreat! s - Stop attacking. g - Guard the area. f - Follow me.
Anything else - Cancel.
Okay, then.
Natasha casts a spell.
Natasha misses you.
You hit Natasha.
Natasha's magic leaks into the air.
Natasha is lightly wounded.
Natasha falters for a moment.
Natasha claws you.
You hit Natasha.
Natasha's magic leaks into the air.
Natasha is heavily wounded.
Natasha zaps a wand.
The puff of flame hits you.
You hit Natasha but do no damage. You bite Natasha, but do no damage.
Natasha is heavily wounded.
Natasha hisses.
Natasha zaps a wand.
The puff of flame hits you.
You completely miss Natasha.
Natasha is heavily wounded.
Natasha's magic is no longer disrupted.
Natasha casts a spell at you. The magic dart hits you.
* * * LOW HITPOINT WARNING * * *
You closely miss Natasha.
Natasha is heavily wounded.
Natasha mumbles some strange words.
You barely miss Natasha.
Natasha is heavily wounded.
The shadow imp grinds its teeth.
Natasha zaps a wand.
The puff of flame hits you!
* * * LOW HITPOINT WARNING * * *
The crimson imp blinks!
You closely miss Natasha.
Natasha is heavily wounded.
The shadow imp shouts, "Decamp, thou quaking flat-headed scavenger!"
Natasha zaps a wand.
The puff of flame hits you.
You die...

#...###### ####...##...##
##############
#............#####......).....#
#....................########.#
...........))#####.#..........##
####...##...#..................#
#...###..........5...####...#
##...###.#######..###.# #...#
#.............@h5..##.# #...##
#.#.####.#######..###.# #.....
#...# #.##### #..###.####.....
#..## #.....# #...............
##..#####.###.# #...............
#.........# #.# ######.####...<.
#...#####.# #.# #...# ##....
#..†# #.# #.# #.### ###....
#...# #.# #.# #.#####....#.


You could see Natasha, a crimson imp (summoned) and a shadow imp (summoned).

Vanquished Creatures
  Natasha (D:2)
  2 adders (D:2)
  2 worms (D:2)
  A dart slug (D:1)
  6 endoplasms
  9 giant cockroaches
  7 goblins
  3 hobgoblins
  9 kobolds
  2 ball pythons
  A bat (D:2)
  3 frilled lizards (D:1)
  6 rats
52 creatures vanquished.

Notes
Turn   | Place    | Note
-------+----------+-------------------------------------------
     0 | D:1      | Ablot the Gnoll Warper began the quest for the Orb.
     0 | D:1      | Reached XP level 1. HP: 20/20 MP: 6/6
   163 | D:1      | Reached XP level 2. HP: 26/26 MP: 7/7
   171 | D:1      | Learned a level 2 spell: Blink
   785 | D:1      | Reached XP level 3. HP: 25/31 MP: 9/9
   794 | D:1      | Reached skill level 5 in Spellcasting
   908 | D:1      | Found a faded altar of an unknown god.
  1061 | D:2      | Reached skill level 1 in Invocations
  1376 | D:2      | Reached skill level 1 in Short Blades
  1376 | D:2      | Reached skill level 1 in Long Blades
  1376 | D:2      | Reached skill level 1 in Axes
  1376 | D:2      | Reached skill level 1 in Maces & Flails
  1376 | D:2      | Reached skill level 1 in Staves
  1376 | D:2      | Reached skill level 1 in Slings
  1376 | D:2      | Reached skill level 1 in Bows
  1376 | D:2      | Reached skill level 1 in Crossbows
  1376 | D:2      | Reached skill level 1 in Stealth
  1376 | D:2      | Reached skill level 1 in Shields
  1376 | D:2      | Reached skill level 1 in Unarmed Combat
  1376 | D:2      | Reached skill level 1 in Evocations
  1606 | D:2      | Reached XP level 4. HP: 33/38 MP: 11/11
  1745 | D:2      | Noticed Natasha
  1755 | D:2      | Killed Natasha
  1779 | D:2      | Reached skill level 1 in Conjurations
  1779 | D:2      | Reached skill level 1 in Hexes
  1779 | D:2      | Reached skill level 1 in Summonings
  1779 | D:2      | Reached skill level 1 in Necromancy
  1779 | D:2      | Reached skill level 1 in Transmutations
  1779 | D:2      | Reached skill level 1 in Fire Magic
  1779 | D:2      | Reached skill level 1 in Ice Magic
  1779 | D:2      | Reached skill level 1 in Air Magic
  1779 | D:2      | Reached skill level 1 in Earth Magic
  1779 | D:2      | Reached skill level 1 in Poison Magic
  2606 | D:2      | Noticed Natasha
  2616 | D:2      | HP: 1/38 [Natasha/puff of flame (11)]
  2617 | D:2      | Killed from afar by Natasha

Illustrated notes

Levels and vault maps discovered:
D:1:      dpeg_arrival_central, layout_rooms,
          shapermc_ecumenical_altar_mp_vishouse, minmay_worlds_worst_comb
D:2:      layout_loops_ring, minmay_pentomino_o4, uniq_natasha

Skill      XL: |  1  2  3  4 |
---------------+-------------+-----
Spellcasting   | 5 |  5.1
Invocations    | 1 |  1.4
Short Blades   | 1 |  1.2
Long Blades    | 1 |  1.2
Axes           | 1 |  1.2
Maces & Flails | 1 |  1.2
Staves         | 1 |  1.2
Slings         | 1 |  1.2
Bows           | 1 |  1.2
Crossbows      | 1 |  1.2
Stealth        | 1 |  1.2
Shields        | 1 |  1.2
Unarmed Combat | 1 |  1.2
Evocations     | 1 |  1.2
Conjurations   | 1 |  1.0
Hexes          | 1 |  1.0
Summonings     | 1 |  1.0
Necromancy     | 1 |  1.0
Transmutations | 1 |  1.0
Fire Magic     | 1 |  1.0
Ice Magic      | 1 |  1.0
Air Magic      | 1 |  1.0
Earth Magic    | 1 |  1.0
Poison Magic   | 1 |  1.0
Fighting       | |  4.7
Polearms       | |  4.7
Throwing       | |  2.8
Armour         | |  2.8
Dodging        | |  4.7
Translocations | |  5.5

Action                   |  1- 3 |  4- 6 || total
-------------------------+-------+-------++-------
Melee: Spear             |   159 |    14 ||   173
       Bite              |    14 |     9 ||    23
       Whip              |       |    81 ||    81
       Punch             |       |     1 ||     1
  Use: Potion            |     1 |       ||     1
 Stab: Sleeping          |     4 |     1 ||     5
Armor: Leather armour    |    27 |    24 ||    51
Dodge: Dodged            |    55 |    77 ||   132
